Map: [ESL] Oceanborn

Players

marcmarcmarc (uThermal)

  • Race: Terran Terran
  • League: Master
  • Spawn Location: 11:00

MindelVK - Winner!

  • Race: Protoss Protoss
  • League: Grandmaster
  • Spawn Location: 5:00

VOD

Have the link to the VOD?

Description

Time

  • Played on: Dec. 18, 2023, 12:03 p.m.
  • Length: 18:42
Show
View Real Time Build Order
Export as new Build Order

marcmarcmarc Terran 

Build Orders: Liberator Opening 

Get SALT Encoding   

  12  0:00  SCV  
  13  0:12  SCV  
  14  0:17  Supply Depot  
  14  0:24  SCV  
  15  0:38  SCV  
  15  0:40  Barracks  
  16  0:44  Refinery  
  16  0:50  SCV  
  16  0:55  Refinery  
  17  1:03  SCV  
  18  1:15  SCV  
  19  1:28  Reaper  
  19  1:29  Orbital Command  
  19  1:32  Supply Depot  
  20  1:43  Factory  
  20  1:54  SCV  
  21  2:01  Barracks Reactor  
  21  2:06  SCV  
  22  2:18  SCV  
  23  2:23  Command Center  
  25  2:30  Hellion  
  25  2:38  Reaper x2  
  25  2:44  SCV  
  28  2:46  Supply Depot  
  30  2:51  Hellion  
  30  2:56  Starport  
  30  2:57  SCV  
  31  3:09  SCV  
  31  3:10  Marine  
  31  3:11  Marine  
  34  3:13  Factory Tech Lab  
  34  3:22  SCV  
  35  3:28  Marine x2  
  35  3:34  SCV  
  38  3:35  Liberator  
  40  3:45  SCV  
  41  3:48  Marine  
  41  3:53  Siege Tank  
  41  3:54  SCV  
  44  3:57  Orbital Command, Bunker  
  44  3:59  Marine  
  45  4:06  SCV, Marine  
  45  4:07  Supply Depot  
  47  4:17  Liberator  
  47  4:18  Marine  
  47  4:22  SCV  
  47  4:23  Supply Depot  
  47  4:24  Marine  
  53  4:32  Siege Tank  
  53  4:33  SCV  
  53  4:34  SCV  
  53  4:37  Marine  
  57  4:42  Marine  
  59  4:45  SCV  
  59  4:46  Supply Depot  
  59  4:54  SCV  
  59  4:55  Barracks  
  59  4:57  Marine, Barracks  
  59  4:59  Marine  
  61  5:04  Siege Tank  
  61  5:06  Starport Tech Lab  
  63  5:07  SCV x2  
  65  5:15  Engineering Bay  
  65  5:17  Marine x2  
  65  5:19  SCV  
  68  5:23  SCV  
  68  5:24  Supply Depot  
  69  5:31  SCV  
  69  5:35  SCV  
  69  5:40  Siege Tank  
  72  5:43  SCV  
  72  5:47  SCV, Marine  
  72  5:56  SCV  
  71  5:58  Command Center  
  71  5:59  SCV, Refinery, Terran Infantry Weapons Level 1  
  71  6:02  Marine  
  70  6:08  SCV, Stimpack  
  71  6:11  SCV  
  65  6:19  Starport Reactor  
  65  6:20  SCV  
  65  6:23  SCV  
  64  6:25  Refinery  
  64  6:26  Combat Shield, Factory Tech Lab  
  64  6:27  Marine x3  
  64  6:31  Marine  
  64  6:32  SCV  
  69  6:35  SCV  
  69  6:37  Supply Depot  
  70  6:42  Missile Turret  
  70  6:43  Missile Turret  
  70  6:44  SCV  
  70  6:45  Marine  
  70  6:46  Marauder  
  74  6:48  Siege Tank  
  74  6:52  Barracks  
  74  6:53  Marine x2, Barracks  
  79  6:56  SCV  
  79  6:57  SCV  
  79  6:59  Supply Depot  
  81  7:05  Medivac  
  81  7:07  Marauder  
  85  7:08  SCV  
  85  7:09  SCV, Marine, Medivac  
  85  7:10  Supply Depot  
  85  7:11  Marine  
  91  7:20  Siege Tank, SCV  
  91  7:22  SCV  
  96  7:27  Marine  
  96  7:28  Marauder  
  95  7:33  SCV  
  95  7:34  SCV  
  95  7:36  Marine  
  95  7:37  Marauder  
  97  7:41  Medivac x2  
  97  7:43  Orbital Command  
  99  7:45  SCV  
  99  7:48  Barracks Tech Lab x2  
  99  7:50  SCV  
  99  7:51  Marine  
  99  7:54  Refinery x2  
  99  7:57  SCV, Terran Infantry Armor Level 1  
  99  7:58  Marine, Marauder  
  103  8:02  SCV  
  103  8:03  Missile Turret  
  104  8:08  Marine  
  104  8:09  SCV, Marauder  
  108  8:13  SCV, Marine, Siege Tank  
  108  8:14  SCV, Marauder  
  116  8:20  Supply Depot, Concussive Shells, Bunker  
  116  8:21  Supply Depot, SCV, Marine  
  116  8:22  Marine  
  116  8:25  SCV  
  116  8:26  SCV  
  121  8:32  Supply Depot, Medivac x2  
  125  8:41  SCV, Marine x6  
  132  8:50  Armory  
  132  8:51  Engineering Bay  
  132  8:57  SCV x2  
  132  8:59  Marine x2, Ghost Academy, Marauder  
  138  9:05  Command Center  
  138  9:06  Marine x3  
  141  9:17  Marine x2  
  141  9:20  Marine  
  141  9:22  Viking x2  
  141  9:23  Supply Depot  
  141  9:24  Marine  
  145  9:25  SCV  
  145  9:26  Supply Depot  
  145  9:30  Ghost  
  148  9:34  Marine  
  148  9:35  Supply Depot  
  148  9:36  Supply Depot  
  149  9:41  Terran Infantry Weapons Level 2  
  149  9:45  SCV x2  
  151  9:52  Terran Infantry Armor Level 2  
  151  9:54  Ghost, Terran Ship Weapons Level 1  
  151  9:56  SCV  
  151  9:57  SCV x2  
  156  10:02  Viking  
  156  10:05  Viking  
  160  10:08  Ghost  
  160  10:09  SCV  
  160  10:10  SCV x2  
  160  10:13  Ghost  
  165  10:17  Ghost  
  165  10:21  SCV  
  168  10:23  Ghost  
  170  10:30  Factory Reactor  
  170  10:32  Viking  
  170  10:35  Viking  
  174  10:38  Ghost  
  174  10:40  Marine  
  179  10:42  Marauder  
  179  10:48  Missile Turret  
  179  10:49  Planetary Fortress  
  179  10:51  Missile Turret  
  179  10:52  Marine x2, Refinery  
  179  10:54  Refinery  
  181  11:00  Missile Turret  
  181  11:05  Ghost x2  
  181  11:06  Viking  
  181  11:07  Marine, Marauder  
  181  11:10  Supply Depot  
  185  11:18  Marine  
  160  11:19  Marauder  
  160  11:24  Marine  
  164  11:29  Marauder  
  166  11:34  Marine, Marauder  
  166  11:36  Marine  
  167  11:40  Marauder  
  167  11:41  Widow Mine x2  
  167  11:42  Marine, Barracks  
  167  11:43  Barracks x2  
  167  11:45  Liberator  
  167  11:46  Liberator  
  180  11:50  Marauder  
  180  11:52  Missile Turret  
  154  12:04  Marine x2, Marauder  
  154  12:05  Marauder  
  149  12:15  Marine, Marauder  
  152  12:16  Starport  
  152  12:19  Missile Turret  
  151  12:26  Marine x2, Marauder x2  
  151  12:28  Viking  
  153  12:30  Viking  
  153  12:32  Barracks Tech Lab  
  153  12:33  Marine, Marauder  
  153  12:36  Marine, Marauder  
  157  12:44  Marine  
  142  12:48  Marauder  
  142  12:49  Marine, Marauder  
  142  12:57  Marine x2  
  142  12:58  Marauder x2, Viking  
  148  13:01  Missile Turret  
  148  13:04  Viking x2  
  148  13:05  Marine, Missile Turret x2, Marauder  
  157  13:06  Marine  
  157  13:09  Marauder  
  158  13:19  Ghost x2, Viking  
  164  13:20  Marine, Marauder  
  167  13:30  Ghost x2  
  167  13:31  Marine x2, Marauder  
  174  13:36  Viking  
  174  13:38  Marine  
  177  13:44  Marine  
  177  13:46  Viking  
  181  13:48  Marauder, Viking  
  181  13:49  Marine  
  181  13:54  Terran Infantry Weapons Level 3  
  184  14:01  Terran Infantry Armor Level 3  
  184  14:04  Marine, Marauder  
  184  14:06  Marine  
  188  14:12  Marine  
  188  14:13  Marauder  
  191  14:19  Supply Depot  
  190  14:25  Command Center  
  190  14:30  Missile Turret  
  182  14:47  Viking  
  182  14:49  Viking  
  182  14:50  Viking x2  
  138  15:07  Marine  
  138  15:08  Marine x2, Marauder  
  138  15:09  Marauder  
  138  15:11  Marine  
  126  15:17  Viking  
  128  15:23  Marine x2, Marauder  
  132  15:29  Marauder  
  132  15:30  Marine, Marauder  
  132  15:33  Marine  
  132  15:34  Marauder  
  140  15:36  Orbital Command  
  140  15:40  Marine  
  141  15:49  Marine x2, Marauder  
  144  15:52  Marine  
  144  15:53  Marauder  
  145  15:58  Ghost, Sensor Tower  
  145  16:01  Marine x2  
  149  16:05  Marine  
  149  16:10  Marine  
  149  16:11  Marauder  
  153  16:14  Marine, Marauder  
  153  16:15  Marine  
  155  16:18  Marine  
  155  16:19  Medivac  
  155  16:22  Medivac  
  160  16:26  Marine  
  160  16:27  Marauder  
  160  16:29  Marine  
  160  16:30  Marauder  
  166  16:38  Marine  
  166  16:39  Marauder  
  167  16:41  Marine, Marauder  
  167  16:44  Marine  
  167  16:45  Marauder  
  165  16:54  Marine x2, Marauder  
  168  17:00  Marauder  
  171  17:05  Marine, Marauder  
  174  17:08  Marine x2  
  174  17:09  Marauder, Medivac x3  
  174  17:12  Medivac  
  182  17:20  Marine  
  182  17:21  Marauder  
  172  17:22  Marine  
  136  17:38  Marine, Marauder  
  136  17:39  Medivac  
  136  17:42  Marine  
  136  17:43  Marauder  
  104  17:53  Missile Turret  
  104  17:54  Marine x2, Marauder  
  104  17:57  SCV, Missile Turret  
  104  17:58  SCV  
  110  17:59  SCV  
  110  18:01  Marine x3, Marauder  
  112  18:06  Marine  
  112  18:09  SCV, Marine  
  112  18:10  SCV  
  112  18:11  SCV  
  112  18:12  Marine x2  
  114  18:21  SCV  
Show
View Real Time Build Order
Export as new Build Order

MindelVK Protoss - Winner!

Build Orders: 1 Gate Expand, Blink Stalkers 

Get SALT Encoding   

  12  0:00  Probe  
  13  0:12  Probe  
  14  0:17  Pylon  
  14  0:24  Probe (Chrono Boost)  
  15  0:36  Probe (Chrono Boost)  
  15  0:38  Gateway  
  16  0:44  Probe (Chrono Boost)  
  16  0:48  Assimilator  
  17  0:51  Probe  
  18  1:04  Probe  
  19  1:16  Probe  
  20  1:27  Cybernetics Core  
  20  1:35  Nexus  
  20  1:39  Probe  
  21  1:47  Assimilator  
  21  1:50  Pylon  
  21  1:52  Probe  
  22  2:04  Probe (Chrono Boost)  
  22  2:05  Stalker (Chrono Boost)  
  25  2:10  Warp Gate  
  26  2:16  Probe (Chrono Boost)  
  26  2:22  Probe (Chrono Boost)  
  27  2:27  Stalker  
  29  2:30  Probe  
  30  2:42  Twilight Council  
  31  2:46  Probe (Chrono Boost)  
  31  2:47  Probe (Chrono Boost)  
  32  2:57  Probe (Chrono Boost)  
  34  2:58  Probe (Chrono Boost)  
  34  2:59  Shield Battery  
  34  3:01  Stalker  
  34  3:02  Probe  
  37  3:06  Probe  
  38  3:14  Probe  
  38  3:17  Blink (Chrono Boost)  
  38  3:19  Probe  
  40  3:26  Probe  
  41  3:31  Probe  
  41  3:33  Gateway  
  42  3:35  Robotics Facility  
  42  3:38  Probe  
  41  3:45  Probe  
  41  3:53  Probe (Chrono Boost)  
  40  3:57  Probe (Chrono Boost)  
  40  4:00  Stalker  
  43  4:07  Probe (Chrono Boost)  
  43  4:08  Probe (Chrono Boost)  
  45  4:13  Nexus  
  45  4:15  Probe, Pylon  
  46  4:27  Pylon  
  46  4:33  Probe x2  
  46  4:34  Assimilator  
  46  4:35  Shield Battery  
  46  4:36  Observer (Chrono Boost)  
  49  4:41  Stalker  
  49  4:45  Pylon, Probe x2  
  53  4:50  Observer (Chrono Boost)  
  54  4:57  Probe x2  
  56  5:05  Forge x2  
  56  5:09  Probe x2  
  56  5:10  Charge  
  56  5:14  Immortal (Chrono Boost)  
  64  5:21  Probe x2  
  64  5:22  Shield Battery  
  64  5:24  Stalker  
  66  5:33  Probe  
  63  5:38  Stalker  
  51  5:57  Stalker  
  53  6:05  Probe x2  
  49  6:11  Probe (Chrono Boost)  
  49  6:12  Stalker  
  53  6:22  Stalker, Probe (Chrono Boost)  
  53  6:24  Probe x2 (Chrono Boost)  
  57  6:31  Probe (Chrono Boost)  
  59  6:33  Probe x2 (Chrono Boost)  
  60  6:41  Probe (Chrono Boost)  
  60  6:44  Protoss Ground Weapons Level 1 (Chrono Boost)  
  60  6:45  Protoss Ground Armor Level 1 (Chrono Boost)  
  63  6:48  Probe (Chrono Boost)  
  63  6:49  Probe (Chrono Boost)  
  63  6:51  Probe (Chrono Boost)  
  65  6:56  Probe (Chrono Boost)  
  65  6:58  Probe (Chrono Boost)  
  67  7:01  Probe (Chrono Boost)  
  67  7:04  Probe (Chrono Boost)  
  67  7:06  Probe (Chrono Boost)  
  70  7:09  Probe (Chrono Boost)  
  70  7:10  Probe (Chrono Boost)  
  70  7:11  Robotics Bay, Probe (Chrono Boost)  
  72  7:19  Pylon  
  72  7:20  Probe  
  72  7:21  Probe  
  72  7:22  Probe  
  75  7:39  Probe x3  
  78  7:47  Immortal  
  82  7:51  Probe  
  82  7:52  Gateway x2  
  82  7:53  Probe x2  
  82  7:54  Observer  
  82  7:55  Pylon  
  82  7:57  Assimilator  
  85  7:58  Assimilator  
  85  7:59  Pylon  
  85  8:01  Shield Battery, Pylon  
  85  8:03  Shield Battery  
  85  8:07  Extended Thermal Lance  
  85  8:13  Probe x3  
  85  8:18  Zealot, Sentry  
  91  8:23  Colossus (Chrono Boost)  
  91  8:24  Gateway  
  91  8:25  Probe x2  
  91  8:26  Gateway  
  99  8:30  Pylon x2  
  99  8:42  Assimilator  
  99  8:45  Pylon  
  99  8:46  Pylon, Protoss Ground Weapons Level 2 (Chrono Boost)  
  99  8:52  Zealot x4  
  99  8:54  Protoss Ground Armor Level 2 (Chrono Boost)  
  107  9:01  Pylon  
  107  9:04  Colossus (Chrono Boost)  
  113  9:14  Zealot x4  
  113  9:15  Pylon  
  117  9:22  Assimilator  
  117  9:27  Pylon  
  117  9:41  Gateway, Templar Archives  
  117  9:42  Stalker x2  
  117  9:43  Gateway, Colossus (Chrono Boost)  
  117  9:44  Zealot  
  123  9:50  Probe x3  
  132  9:58  Gateway  
  132  9:59  Gateway  
  132  10:16  Stalker x6, Observer  
  144  10:25  Warp Prism (Chrono Boost)  
  146  10:29  Nexus  
  146  10:32  Pylon  
  146  10:39  Pylon  
  146  10:43  High Templar x4  
  146  10:44  Zealot  
  146  10:47  Pylon  
  146  10:48  Archon x2  
  156  10:50  Pylon  
  156  10:58  Zealot x4  
  164  11:08  Pylon  
  162  11:17  Zealot x2  
  162  11:18  Zealot x6  
  150  11:20  Zealot  
  156  11:35  Protoss Ground Armor Level 3 (Chrono Boost), Protoss Ground Weapons Level 3 (Chrono Boost)  
  154  11:40  High Templar  
  154  11:41  High Templar x3  
  154  11:42  Zealot x3  
  154  11:44  Archon  
  154  11:45  Archon  
  154  11:47  Probe x4  
  172  11:59  Probe  
  142  12:03  Zealot  
  142  12:04  Zealot x4  
  136  12:13  Disruptor  
  140  12:18  Stalker x4  
  146  12:29  Zealot x3  
  140  12:30  Zealot x2  
  140  12:31  Probe x2  
  140  12:32  Probe x2  
  144  12:43  Probe  
  129  12:47  Zealot x4  
  129  12:50  High Templar x5  
  137  12:54  Archon x2  
  137  13:06  Probe x3  
  137  13:07  Probe  
  139  13:18  High Templar, Probe  
  142  13:20  Stalker x3  
  142  13:21  Disruptor  
  142  13:23  Archon  
  152  13:30  Probe x3  
  152  13:33  Assimilator  
  155  13:35  Assimilator  
  155  13:41  Robotics Facility  
  155  13:42  Probe  
  156  13:51  Stalker x7, Sentry  
  156  13:52  Stalker  
  156  13:55  Nexus  
  174  13:56  Pylon  
  174  14:03  Disruptor  
  178  14:12  Photon Cannon  
  178  14:14  Shield Battery  
  178  14:16  Photon Cannon  
  178  14:18  Shield Battery  
  178  14:30  Disruptor  
  182  14:34  Stalker x7  
  190  14:38  Disruptor  
  170  15:01  Protoss Shields Level 1 (Chrono Boost)  
  142  15:12  Disruptor (Chrono Boost)  
  142  15:13  Disruptor (Chrono Boost), Stalker x9  
  122  15:18  Probe x3  
  122  15:19  Probe  
  130  15:26  Dark Shrine  
  130  15:28  Probe  
  131  15:30  Probe x2  
  131  15:35  Gateway  
  133  15:38  Gateway  
  133  15:41  Colossus (Chrono Boost)  
  133  15:46  Colossus (Chrono Boost)  
  133  15:48  Zealot x4  
  133  15:49  Zealot x5  
  163  16:09  Stalker x3  
  163  16:10  Stalker  
  170  16:18  Stalker x2  
  170  16:19  Stalker x2  
  170  16:20  Stalker  
  180  16:32  Colossus (Chrono Boost)  
  182  16:37  Disruptor (Chrono Boost)  
  186  16:49  Dark Templar x3  
  186  16:50  Zealot x4  
  195  17:07  Stalker x2  
  191  17:09  Zealot x2  
  188  17:28  Zealot x3  
  188  17:29  Zealot x3  
  172  17:40  Zealot x10  
  180  17:54  Nexus  
  176  18:00  Zealot, Dark Templar x3  
  176  18:01  Zealot x7  
  176  18:03  Pylon  
  190  18:25  Stalker x3  
Tags
 
Add a new tag
Caveats
  • Supply blocks, unpowered buildings, or Contaminate may cause inaccurate times.
  • Supply counts are checked every 10 seconds.